 Dungeon Crawl Stone Soup version 0.13.0-9-gbc74161 (webtiles) character file.

880 4tharraofdagon the Ruffian (level 7, -1/67 HPs)
             Began as a Troll Hunter on Oct 17, 2013.
             Was a Priest of Cheibriados.
             Slain by a sky beast (5 damage)
             ... on Level 7 of the Dungeon.
             The game lasted 00:08:53 (1396 turns).

4tharraofdagon the Ruffian (Troll Hunter)           Turns: 1396, Time: 00:08:53

HP  -1/67        AC  6     Str 28      XL: 7   Next: 45%
MP   0/5         EV 10     Int 18      God: Cheibriados [***...]
Gold 148         SH  0     Dex 17      Spells:  0 memorised,  6 levels left

Res.Fire  : . . .   See Invis. : .     - Unarmed
Res.Cold  : . . .   Warding    : .   q - +0 robe {Archmagi}
Life Prot.: . . .   Conserve   : .   (shield restricted)
Res.Poison: .       Res.Corr.  : .   (helmet restricted)
Res.Elec. : .       Clarity    : .   e - +0 cloak
Sust.Abil.: . .     Spirit.Shd : +   (gloves unavailable)
Res.Mut.  : .       Stasis     : .   (boots unavailable)
Res.Rott. : .       Flight     : .   f - amulet of guardian spirit
Gourmand  : +                        o - +5,+5 ring of slaying {unknown}
                                     k - +2 ring of intelligence

@: very slow, slightly resistant to hostile enchantments, unstealthy
A: unfitting armour, claws 3, fast metabolism 3, gourmand, regeneration 2,
saprovore 2, tough skin 2, AC +1
a: Bend Time, Temporal Distortion, Renounce Religion


You were on level 7 of the Dungeon.
You worshipped Cheibriados.
Cheibriados was most pleased with you.
You were completely stuffed.

You visited 1 branch of the dungeon, and saw 7 of its levels.

You collected 128 gold pieces.

Inventory:

Missiles
 b - 2 large rocks (quivered)
 c - 2 throwing nets
 y - 6 javelins of returning
Armour
 d - a +0 animal skin
 e - a +0 cloak (worn)
 q - a +0 robe of the Archmagi (worn)
Magical devices
 u - a wand of cold (0)
Comestibles
 a - 2 meat rations
 s - a pear
 A - a bread ration
Scrolls
 g - 3 scrolls of blinking
 i - 2 scrolls of remove curse {unknown}
 j - a scroll of enchant armour {unknown}
 m - 2 scrolls of noise {unknown}
 p - 2 scrolls of teleportation
 r - 5 scrolls of identify {unknown}
 x - a scroll of enchant weapon II {unknown}
 z - a scroll of magic mapping {unknown}
Jewellery
 f - an amulet of guardian spirit (around neck)
 k - a +2 ring of intelligence (left claw)
 l - an uncursed ring of wizardry
 o - a +5,+5 ring of slaying (right claw) {unknown}
 v - an uncursed ring of ice
Potions
 h - a potion of flight {unknown}
 n - a potion of curing {unknown}
 t - a potion of speed {unknown}
 w - a potion of agility {unknown}


   Skills:
 + Level 3.6 Fighting
 + Level 3.9 Throwing
 - Level 1.5 Dodging
 - Level 0.4 Stealth
 * Level 5.9 Unarmed Combat
 + Level 3.1 Invocations


You had 6 spell levels left.
You didn't know any spells.

Dungeon Overview and Level Annotations

Branches:
Dungeon (7/27)             Temple (0/1) D:5
    Orc: D:6-11

Altars:
Cheibriados
Yredelemnul


Innate Abilities, Weirdness & Mutations

You are too large for most types of armour.
You have claws for hands.
Your metabolism is lightning-fast.
You like to eat raw meat.
You heal very quickly.
You can eat rotten meat.
You are covered in fur (AC +1).
You have very tough skin (AC +2).


Message History

The sky beast shocks you.
The ogre hits you with a giant spiked club!
Throwing (i - inventory. (,) - cycle):
b - 4 large rocks (quivered)
Press: ? - help, Shift-Dir - straight line, f/p - ogre
Aim: an ogre, wielding a giant spiked club You throw a large rock.
The large rock misses the ogre.
The sky beast hits you. The sky beast shocks you!
* * * LOW HITPOINT WARNING * * *
The quokka completely misses you.
Throwing (i - inventory. (,) - cycle):
b - 3 large rocks (quivered)
Press: ? - help, Shift-Dir - straight line, f/p - ogre
Aim: an ogre, wielding a giant spiked club You throw a large rock.
The large rock hits the ogre.
The ogre is almost dead.
The ogre hits you with a giant spiked club!
* * * LOW HITPOINT WARNING * * *
The sky beast hits you.
* * * LOW HITPOINT WARNING * * *
The sky beast shocks you.
You die...

# .# #. .. . . #... .#
... ....... .##(# .
#.... .!..## ###.
...O##..... #...
#....#.###.. #..##
#####O........ ##...##
#...@I........
##.....###....r##.....
#...<..........# ..<.
##.....##......# ###
##...###......# #..##
###.#### #.## #.# #.
#.# #. ...


You could see a sky beast, an ogre and a quokka.

Vanquished Creatures
  A giant frog (D:6)
  A manticore zombie (D:6)
  A crimson imp (D:6)
  2 hounds
  4 orc priests
  A big fish (D:5)
  4 worker ants
  2 iguanas (D:4)
  A hound skeleton (D:4)
  4 gnolls (D:6)
  6 adders
  A giant mite (D:6)
  A worm (D:3)
  An iguana skeleton (D:5)
  A giant eyeball (D:5)
  4 giant geckos
  14 orcs
  3 ball pythons
  5 giant cockroaches
  4 hobgoblins
  4 jackals (D:3)
  A quokka (D:2)
  5 bats
  4 goblins
  A hobgoblin skeleton (D:5)
  8 kobolds
  4 rats
88 creatures vanquished.

Notes
Turn   | Place    | Note
--------------------------------------------------------------
     0 | D:1      | 4tharraofdagon, the Troll Hunter, began the quest for the Orb.
     0 | D:1      | Reached XP level 1. HP: 20/20 MP: 0/0
    15 | D:1      | Bloax: What's there to hate?
    15 | D:1      | ill smash you all!
    57 | D:1      | 4tharraofdagon: ok i had stats like tank but that only improved my dmg
    57 | D:1      | 4tharraofdagon: defenses still crap
    57 | D:1      | 4tharraofdagon: unless you are gargoyle when you get 20 ac for free
    84 | D:2      | Found a snail-covered altar of Cheibriados.
    85 | D:2      | Found a basalt altar of Yredelemnul.
    98 | D:2      | Reached XP level 2. HP: 21/28 MP: 0/0
   112 | D:2      | Became a worshipper of Cheibriados the Contemplative
   155 | D:2      | Reached XP level 3. HP: 30/35 MP: 1/1
   184 | D:2      | Bloax: if they want chei to be less suicidal early on
   239 | D:2      | Bloax: they could just pump the limit of stats to +20
   280 | D:2      | Bloax: and give +5 just for being with chei
   432 | D:3      | Acquired Cheibriados' first power
   463 | D:3      | fuckin
   613 | D:3      | Reached XP level 4. HP: 44/44 MP: 1/1
   725 | D:4      | Bloax: wizardry
   725 | D:4      | Bloax: archmagi
   727 | D:4      | Bloax: >playing troll
   732 | D:4      | Reached XP level 5. HP: 50/50 MP: 1/1
   735 | D:4      | Reached skill level 1 in Invocations
   760 | D:4      | Reached skill level 4 in Unarmed Combat
   794 | D:4      | 4tharraofdagon: wizardry
   794 | D:4      | 4tharraofdagon: int
   794 | D:4      | 4tharraofdagon: wtf
   876 | D:4      | Reached XP level 6. HP: 37/59 MP: 1/3
   895 | D:4      | 4tharraofdagon: i take it as a sign
   895 | D:4      | 4tharraofdagon: and raise int
   912 | D:5      | Entered Level 5 of the Dungeon
   943 | D:5      | Found a staircase to the Ecumenical Temple.
  1103 | D:6      | Reached skill level 5 in Unarmed Combat
  1212 | D:6      | Reached XP level 7. HP: 38/66 MP: 3/5
  1227 | D:6      | Acquired Cheibriados' second power
  1231 | D:6      | 4tharraofdagon: so
  1231 | D:6      | 4tharraofdagon: they removed penetration
  1231 | D:6      | 4tharraofdagon: from large rocks
  1242 | D:6      | Bloax: it's a trunk only thing
  1243 | D:6      | Bloax: which i find lame
  1288 | D:6      | 4tharraofdagon: eh
  1288 | D:6      | 4tharraofdagon: well
  1288 | D:6      | 4tharraofdagon: i made this to abuse that
  1288 | D:6      | 4tharraofdagon: but its fuckin 0.13
  1396 | D:7      | Slain by a sky beast

Action                   |  1- 3 |  4- 6 |  7- 9 || total
-------------------------+-------+-------+-------++-------
Melee: Unarmed           |   104 |    89 |    38 ||   231
Throw: Large rock        |       |     2 |     8 ||    10
Evoke: Wand              |       |     3 |       ||     3
  Use: Scroll            |       |     3 |       ||     3
